 Dungeon Crawl Stone Soup version 0.17-a0-1545-gc1bb672 (webtiles) character file.

116665 urechis the Brawler (level 16, -2/169 HPs)
             Began as a Troll Monk on July 18, 2015.
             Was the Champion of Ru.
             Slain by a water elemental (5 damage)
             ... summoned by Ilsuiw
             ... on level 4 of the Shoals.
             The game lasted 01:40:45 (26555 turns).

urechis the Brawler (Troll Monk)                   Turns: 26555, Time: 01:40:45

Health: -2/169     AC: 31    Str: 28    XL:     16   Next: 21%
Magic:  8/11       EV: 13    Int:  4    God:    Ru [******]
Gold:   1425       SH:  0    Dex: 15    Spells: 0 memorised, 15 levels left

rFire  x . .     SeeInvis .       - Unarmed
rCold  + + +     Clarity  .     O - +9 ice dragon armour of the Hunter {rElec rF- rC++}
rNeg   + . .     SustAt   .     (no shield)
rPois  +         Gourm    +     x - +2 hat
rElec  +         Spirit   .     y - +2 cloak "Demai" {rPois}
rCorr  .         Warding  .     (gloves unavailable)
rMut   .         Stasis   .     (boots unavailable)
MR     +....                    R - amulet of regeneration
Stlth  ..........               T - ring of positive energy
                                (no ring)

@: agile, exhausted, engulfed (cannot breathe), somewhat resistant to hostile
enchantments, extremely unstealthy
A: unfitting armour, claws 3, horns 1, blink 1, clumsy 1, cold resistance 1,
dopey 1, fast metabolism 3, gourmand, low mp 2, poison resistance, regeneration
2, shaggy fur 1, tough skin 2, no stealth, inability to use devices, hated by
all, inability to train dodging, no conjurations magic, no ice magic, no
transmutations magic
a: Blink, Draw Out Power, Power Leap, Apocalypse, Renounce Religion


You were on level 4 of the Shoals.
You worshipped Ru.
Ru was exalted by your worship.
You were very full.

You visited 5 branches of the dungeon, and saw 29 of its levels.
You also visited: Volcano.

You collected 3430 gold pieces.
You spent 2005 gold pieces at shops.

Inventory:

Hand weapons
 a - a +2 blowgun
Missiles
 e - 2 poisoned tomahawks
 p - 163 poisoned needles
 r - 6 large rocks
 B - 17 javelins
 E - 5 poisoned javelins
 G - 6 javelins of returning (quivered)
 I - 49 tomahawks
 S - 4 needles of sleeping
Armour
 x - a +2 hat (worn)
 y - the +2 cloak "Demai" (worn) {rPois}
   (You acquired it on level 3 of the Lair of Beasts)

   It protects you from poison.
 O - the +9 ice dragon armour of the Hunter (worn) {rElec rF- rC++}
   (You bought it in a shop on level 11 of the Dungeon)

   It makes you vulnerable to fire.
   It greatly protects you from cold.
   It insulates you from electricity.
 V - a +2 robe of fire resistance
Jewellery
 f - an uncursed amulet of stasis
 R - an amulet of regeneration (around neck)
 T - a ring of positive energy (right claw)
Scrolls
 g - 4 scrolls of enchant armour
 s - 12 scrolls of teleportation
 t - 10 scrolls of remove curse
 z - 3 scrolls of identify
 J - 3 scrolls of magic mapping
 K - 4 scrolls of fog
 M - 5 scrolls of fear
 N - 3 scrolls of blinking
Potions
 c - a potion of invisibility {unknown}
 h - 2 potions of haste {unknown}
 j - 8 potions of agility
 k - 2 potions of degeneration {unknown}
 l - 3 potions of cancellation
 n - a potion of flight {unknown}
 o - 3 potions of cure mutation
 q - 7 potions of curing
 u - 5 potions of might
 C - 5 potions of magic
 L - 5 potions of resistance
 P - 3 potions of berserk rage {unknown}
Comestibles
 b - 18 bread rations
 d - 14 fruits
 i - 3 slices of pizza
 m - 14 meat rations
 w - 16 beef jerkies
 A - 2 royal jellies
 D - 2 chunks of flesh


   Skills:
 * Level 13.1 Fighting
 - Level 8.0 Throwing
 - Level 12.0 Armour
 * Level 18.0 Unarmed Combat
   Level 0.0 Evocations


You had 15 spell levels left.
You didn't know any spells.

Dungeon Overview and Level Annotations

Branches:
Dungeon (12/15)            Temple (1/1) D:5            Lair (8/8) D:11
 Shoals (4/4) Lair:5       Spider (0/4) Lair:3        Slime (0/6) Lair:6
    Orc (4/4) D:11            Elf (0/3) Orc:3

Altars:
Ashenzari
Cheibriados
Dithmenos
Elyvilon
Fedhas
Gozag
Kikubaaqudgha
Makhleb
Nemelex Xobeh
Okawaru
Qazlal
Ru
Sif Muna
Trog
Vehumet
Xom
Yredelemnul
Zin
The Shining One

Shops:
D:8 [:?%*   D:11 ([   Orc:1 =   Orc:2 (   Orc:4 ([:[

Annotations:
Shoals:4 Ilsuiw


Innate Abilities, Weirdness & Mutations

You are too large for most types of armour.
You have claws for hands.
You are dopey. (Int -2)
Your metabolism is lightning-fast.
You like to eat raw meat.
You heal very quickly.
You are covered in fur (AC +1).
You have very tough skin (AC +2).
You cannot be stealthy.
You cannot study or use magical devices.
You are hated by all.
You cannot train Dodging skill.
You cannot study or cast Conjurations magic.
You cannot study or cast Ice magic.
You cannot study or cast Transmutations magic.
You have a pair of small horns on your head.
You can translocate small distances at will.
You are clumsy. (Dex -2)
Your flesh is cold resistant.
Your magical capacity is very low (-20% MP).
Your system is resistant to poisons.


Message History

Ilsuiw is almost dead.
* * * LOW HITPOINT WARNING * * *
Your lungs strain for air!
The merfolk closely misses you. Ilsuiw closely misses you.
The water elemental misses you. The water elemental closely misses you.
Drink which item? (? for menu, Esc to quit)
Okay, then.
Drink which item? (? for menu, Esc to quit)
You feel better.
* * * LOW HITPOINT WARNING * * *
Your lungs strain for air!
The water elemental is no longer moving slowly.
The water elemental closely misses you. The merfolk barely misses you.
Ilsuiw hits you but does no damage. The water elemental misses you.
You mangle Ilsuiw!!
Ilsuiw is almost dead.
* * * LOW HITPOINT WARNING * * *
Your lungs strain for air!
The water elemental hits you.
You die...

≈≈≈ ≈#≈≈≈≈≈ ≈≈.. ≈≈#≈≈≈#
≈≈≈≈≈≈≈≈.≈≈... ≈≈≈≈≈#≈#
≈≈≈≈≈≈≈≈≈≈≈... ≈≈≈≈≈≈≈#
≈≈≈≈≈≈≈≈≈≈≈...#≈≈≈≈≈#≈#
≈≈≈≈≈≈≈≈≈..#..≈#≈≈≈#≈≈#
≈≈≈≈≈.≈≈..##...E#≈#≈≈≈#
≈≈≈≈≈.....##...E@.m.≈≈#≈
≈≈≈≈≈.)...#...)mE).≈≈≈≈#
≈≈≈≈≈..≈.......()..≈≈≈≈≈
≈.....≈≈≈.....(..≈≈≈≈≈≈≈
....#.≈≈≈.....(.≈≈≈≈≈≈≈≈
....##....≈≈(..(≈≈≈≈≈≈≈≈
....##..≈≈......≈≈≈≈≈≈≈.
.......≈≈≈......≈≈≈≈≈.(.
≈≈≈≈≈≈≈≈≈≈..######......


You could see Ilsuiw (bleeding), a merfolk and 3 water elementals.

Vanquished Creatures
  Nikola (Shoals:3)
  Jorgrun (Shoals:2)
  Snorg (Orc:2)
  3 merfolk javelineers
  A fire dragon (Lair:8)
  2 merfolk impalers (Shoals:1)
  3 hydras
  2 merfolk avatars
  An anaconda (Lair:7)
  12 death yaks
  Erolcha (D:10)
  An alligator snapping turtle (Shoals:4)
  The ghost of mrath the Thaumaturge, a powerful GrEE of Vehumet (Lair:1)
  A catoblepas (Lair:1)
  2 merfolk aquamancers
  A queen ant (D:8)
  3 orc high priests (Orc:4)
  9 sea snakes
  Pikel (D:4)
  3 hill giants
  8 oklob plants
  6 orc knights
  A wolf spider (Lair:8)
  6 harpies
  4 fauns
  2 cyclopes
  10 griffons
  3 orc sorcerers (Orc:4)
  An ugly thing (D:11)
  3 water nymphs (Shoals:3)
  11 elephants
  18 manticores
  3 sirens
  19 black mambas
  Joseph (D:7)
  Psyche (D:11)
  A guardian serpent (Lair:8)
  13 spiny frogs
  7 komodo dragons
  A kobold demonologist (D:12)
  2 gargoyles (D:11)
  4 fire drakes
  18 merfolk
  A troll (D:7)
  A polar bear (Lair:5)
  5 wind drakes
  20 blink frogs
  A two-headed ogre (D:11)
  10 snapping turtles
  A shadow (D:12)
  3 trapdoor spiders (Lair:3)
  8 water elementals
  4 deep elf fighters (Volcano)
  Eustachio (D:4)
  4 vampire mosquitoes (D:12)
  3 wyverns
  3 hungry ghosts
  4 basilisks
  A fire bat (Volcano)
  A deep elf mage (D:11)
  18 hippogriffs
  A wraith (D:12)
  32 yaks
  3 steam dragons
  2 hogs (Volcano)
  3 wargs
  A mottled dragon (Lair:8)
  An insubstantial wisp (D:12)
  6 soldier ants
  22 water moccasins
  8 wolves
  7 spiders (Lair:8)
  3 sky beasts
  2 ice beasts
  9 porcupines
  A black bear (D:8)
  A wasp (Lair:8)
  3 phantoms
  A swamp drake (Lair:8)
  A necrophage (D:11)
  14 ogres
  21 orc warriors
  8 centaurs
  21 giant frogs
  22 crocodiles
  A big kobold (D:11)
  2 scorpions
  5 killer bees (D:8)
  An electric eel (Lair:5)
  A lava snake (Lair:8)
  6 wights (D:7)
  A giant frog zombie (D:10)
  3 centaur zombies
  4 hounds
  2 crimson imps
  17 orc priests
  6 jellies
  Crazy Yiuf (D:5)
  A quasit (D:11)
  Ijyb (D:2)
  A giant frog skeleton (D:8)
  31 orc wizards
  12 iguanas
  39 worker ants
  15 sheep
  2 hound skeletons
  A worker ant zombie (D:11)
  3 gnolls (D:6)
  59 river rats
  23 adders
  4 shadow imps
  4 oozes (Lair:6)
  An adder zombie (D:9)
  An adder skeleton (D:8)
  3 worms
  6 giant geckos
  154 orcs
  A ball python (D:3)
  A bat skeleton (D:7)
  2 bat zombies
  5 giant cockroaches
  15 hobgoblins
  26 kobolds
  2 quokkas
  19 bats
  A giant gecko skeleton (D:3)
  A giant gecko zombie (D:5)
  5 giant newts
  17 goblins
  15 jackals
  A quokka zombie (D:5)
  12 rats
  4 plants
1013 creatures vanquished.

Vanquished Creatures (others)
  2 hydras
  A blink frog (Lair:8)
  A deep elf fighter (Volcano)
  A giant frog (Lair:1)
  A jelly (Lair:6)
  An orc priest (Orc:4)
  A sheep (Lair:4)
  4 orcs
  7 fungi
  7 plants
26 creatures vanquished.

Grand Total: 1039 creatures vanquished

Notes
Turn   | Place    | Note
--------------------------------------------------------------
     0 | D:1      | urechis the Troll Monk began the quest for the Orb.
     0 | D:1      | Reached XP level 1. HP: 22/22 MP: 0/0
   202 | D:1      | Found a shattered altar of Ashenzari.
   209 | D:1      | Reached XP level 2. HP: 29/29 MP: 1/1
   590 | D:2      | Reached skill level 5 in Unarmed Combat
   590 | D:2      | Reached XP level 3. HP: 23/36 MP: 2/2
   612 | D:2      | You fall through a shaft!
   612 | D:3      | Found a sparkling altar of Nemelex Xobeh.
   646 | D:3      | Found a shadowy altar of Dithmenos.
   719 | D:2      | Noticed Ijyb
   729 | D:2      | Killed Ijyb
   729 | D:2      | Reached XP level 4. HP: 39/44 MP: 3/3
  1048 | D:3      | Found a glowing silver altar of Zin.
  1049 | D:3      | Found a shattered altar of Ashenzari.
  1056 | D:3      | Reached skill level 6 in Unarmed Combat
  1097 | D:3      | Found a shadowy altar of Dithmenos.
  1097 | D:3      | Found a glowing golden altar of the Shining One.
  1405 | D:3      | Reached XP level 5. HP: 50/50 MP: 4/4
  1890 | D:4      | Reached skill level 7 in Unarmed Combat
  2007 | D:4      | Reached XP level 6. HP: 48/59 MP: 5/5
  2014 | D:4      | Noticed Eustachio
  2030 | D:4      | Killed Eustachio
  2030 | D:4      | Reached skill level 8 in Unarmed Combat
  2226 | D:4      | Noticed a slave
  2229 | D:4      | Noticed Pikel
  2230 | D:4      | Noticed a slave
  2235 | D:4      | Killed Pikel
  2235 | D:4      | Reached skill level 9 in Unarmed Combat
  2235 | D:4      | Reached XP level 7. HP: 57/66 MP: 6/6
  2236 | D:4      | Noticed a freed slave
  2236 | D:4      | Noticed a freed slave
  2245 | D:4      | Noticed an ogre
  2253 | D:4      | Killed an ogre
  2253 | D:4      | Reached skill level 10 in Unarmed Combat
  2253 | D:4      | Reached XP level 8. HP: 39/74 MP: 7/7
  2374 | D:5      | Entered Level 5 of the Dungeon
  2421 | D:5      | Reached skill level 1 in Evocations
  2571 | D:5      | Found a radiant altar of Vehumet.
  2818 | D:5      | Noticed Crazy Yiuf
  2831 | D:5      | Killed Crazy Yiuf
  3041 | D:5      | Found a staircase to the Ecumenical Temple.
  3076 | Temple   | Entered the Ecumenical Temple
  3131 | Temple   | Became a worshipper of Ru the Awakened
  3138 | Temple   | Gained mutation: You cannot study or use magical devices. [Ru sacrifice]
  3138 | Temple   | Acquired Ru's first power
  3138 | Temple   | Acquired Ru's second power
  3138 | Temple   | Acquired Ru's third power
  3196 | D:6      | Reached skill level 1 in Throwing
  4246 | D:7      | Reached XP level 9. HP: 84/84 MP: 8/8
  4435 | D:7      | Noticed a troll
  4444 | D:7      | Killed a troll
  4444 | D:7      | Reached skill level 5 in Fighting
  4541 | D:7      | Noticed Joseph
  4552 | D:7      | Killed Joseph
  4552 | D:7      | Reached skill level 5 in Throwing
  5241 | D:8      | Found Uveuq's Food Emporium.
  5356 | D:8      | Found Fuurr's Magic Scroll Boutique.
  5370 | D:8      | Bought a scroll of identify for 28 gold pieces
  5381 | D:8      | Bought a scroll of identify for 28 gold pieces
  5381 | D:8      | Bought a scroll of identify for 28 gold pieces
  5423 | D:8      | Found Ygais's Book Shoppe.
  5426 | D:8      | Found Biyluck's Armour Emporium.
  5531 | D:8      | Reached XP level 10. HP: 100/100 MP: 9/9
  5549 | D:8      | Noticed a queen ant
  5569 | D:8      | Killed a queen ant
  5990 | D:8      | Found Etibohae's General Store.
  7074 | D:9      | Found a burning altar of Makhleb.
  7161 | D:10     | Entered Level 10 of the Dungeon
  7162 | D:10     | Gained mutation: You are dopey. (Int -2) [Ru sacrifice]
  7321 | D:10     | Noticed Erolcha
  7332 | D:10     | Killed Erolcha
  7489 | D:10     | Reached skill level 11 in Unarmed Combat
  7836 | D:10     | Reached XP level 11. HP: 106/111 MP: 10/10
  8225 | D:11     | Noticed Psyche
  8235 | D:11     | Killed Psyche
  8400 | D:11     | Found a staircase to the Lair.
  8403 | D:11     | Noticed a hill giant
  8413 | D:11     | Killed a hill giant
  8465 | D:11     | Noticed a hill giant
  8477 | D:11     | Killed a hill giant
  8528 | D:11     | Reached skill level 12 in Unarmed Combat
  8713 | D:11     | Found Junaish's Armour Emporium.
  8714 | D:11     | Found a staircase to the Orcish Mines.
  8715 | D:11     | Found Goucri Mini's Weapon Emporium.
  8747 | D:11     | Gained mutation: You cannot train Dodging skill. [Ru sacrifice]
  8747 | D:11     | Acquired Ru's fourth power
  9145 | Orc:1    | Entered Level 1 of the Orcish Mines
  9194 | Orc:1    | Found Liciaheq's Jewellery Shop.
  9703 | Orc:2    | Found Ypoen's Weapon Shoppe.
  9704 | Orc:2    | Noticed Snorg
  9715 | Orc:2    | Killed Snorg
  9899 | Orc:1    | Reached skill level 13 in Unarmed Combat
 10516 | Orc:2    | Gained mutation: You cannot study or cast Ice magic. [Ru sacrifice]
 10516 | Orc:2    | Gained mutation: You cannot study or cast Transmutations magic. [Ru sacrifice]
 10516 | Orc:2    | Gained mutation: You cannot study or cast Conjurations magic. [Ru sacrifice]
 10516 | Orc:2    | Acquired Ru's fifth power
 10639 | Orc:3    | Found a staircase to the Elven Halls.
 11411 | Orc:4    | Entered Level 4 of the Orcish Mines
 11418 | Orc:4    | Reached XP level 12. HP: 119/124 MP: 11/11
 11633 | Orc:4    | Gained mutation: You are hated by all. [Ru sacrifice]
 11832 | Orc:4    | Found a dark tunnel.
 11841 | Volcano  | Entered a volcano
 12529 | Orc:4    | Noticed an orc high priest
 12571 | Orc:4    | Reached skill level 10 in Fighting
 12571 | Orc:4    | Reached skill level 14 in Unarmed Combat
 12746 | Orc:4    | Noticed an orc high priest
 12753 | Orc:4    | Reached skill level 1 in Armour
 12754 | Orc:4    | Noticed an orc high priest
 12758 | Orc:4    | Killed an orc high priest
 13102 | Orc:4    | Killed an orc high priest
 13153 | Orc:4    | Killed an orc high priest
 13153 | Orc:4    | Reached skill level 5 in Armour
 13173 | Orc:4    | Found Roofupot's Weapon Emporium.
 13173 | Orc:4    | Found Gukaot's Armour Shop.
 13175 | Orc:4    | Found Saizon's Book Emporium.
 13175 | Orc:4    | Found Niteonuq's Antique Armour Shop.
 13327 | D:11     | Bought the +9 ice dragon armour of the Hunter {rElec rF- rC++} for 1921 gold pieces
 13798 | D:12     | Gained mutation: You cannot be stealthy. [Ru sacrifice]
 14649 | Lair:1   | Entered Level 1 of the Lair of Beasts
 14649 | Lair:1   | Noticed mrath's ghost (powerful GrEE)
 14664 | Lair:1   | Killed mrath's ghost
 14674 | Lair:1   | Reached XP level 13. HP: 88/133 MP: 12/12
 14798 | Lair:1   | Noticed a six-headed hydra
 14809 | Lair:1   | Killed a 11-headed hydra
 14956 | Lair:1   | Noticed a five-headed hydra
 14968 | Lair:1   | Killed a 11-headed hydra
 15224 | Lair:1   | Noticed a catoblepas
 15243 | Lair:1   | Killed a catoblepas
 17137 | Lair:3   | Reached skill level 10 in Armour
 17558 | Lair:3   | Found a hole to the Spider Nest.
 18987 | Lair:5   | Got a glittering iron ring
 19260 | Lair:5   | Identified the ring of Featwig {+Fly rF+ Int+2 Dex-4} (You found it on level 5 of the Lair of Beasts)
 19487 | Lair:5   | Found a staircase to the Shoals.
 19495 | Lair:5   | Reached XP level 14. HP: 143/143 MP: 13/13
 19978 | Lair:6   | Found a staircase to the Slime Pits.
 21057 | Lair:7   | Gained mutation: Your system is resistant to poisons. [potion of mutation]
 21057 | Lair:7   | Gained mutation: You are clumsy. (Dex -2) [potion of mutation]
 21057 | Lair:7   | Gained mutation: Your body sometimes deteriorates upon taking damage. [potion of mutation]
 21058 | Lair:7   | Gained mutation: Your magical capacity is low (-10% MP). [potion of mutation]
 21058 | Lair:7   | Gained mutation: You have a pair of small horns on your head. [potion of mutation]
 21058 | Lair:7   | Gained mutation: You can translocate small distances at will. [potion of mutation]
 21059 | Lair:7   | Lost mutation: Your body sometimes deteriorates upon taking damage. [potion of mutation]
 21059 | Lair:7   | Gained mutation: You are resistant to hostile enchantments. [potion of mutation]
 21059 | Lair:7   | Lost mutation: You are resistant to hostile enchantments. [potion of mutation]
 21060 | Lair:7   | Gained mutation: You have a pair of horns on your head. [potion of beneficial mutation]
 21061 | Lair:7   | Gained mutation: Your flesh is cold resistant. [potion of beneficial mutation]
 21491 | Lair:7   | Reached skill level 15 in Unarmed Combat
 21549 | Lair:8   | Entered Level 8 of the Lair of Beasts
 22298 | Lair:8   | Reached skill level 16 in Unarmed Combat
 22638 | Lair:8   | Reached XP level 15. HP: 138/153 MP: 12/12
 23222 | Lair:3   | Identified a scroll of acquirement
 23248 | Lair:3   | Got a slimy cloak
 23259 | Lair:3   | Identified the +2 cloak "Demai" {rPois} (You acquired it on level 3 of the Lair of Beasts)
 23505 | Shoals:1 | Entered Level 1 of the Shoals
 23708 | Shoals:1 | Found a shimmering altar of Xom.
 24393 | Shoals:2 | Reached skill level 17 in Unarmed Combat
 25108 | Shoals:2 | Noticed Jorgrun
 25123 | Shoals:2 | Killed Jorgrun
 25834 | Shoals:3 | Noticed Nikola
 25849 | Shoals:3 | Killed Nikola
 25849 | Shoals:3 | Reached XP level 16. HP: 155/167 MP: 13/13
 25853 | Shoals:3 | Lost mutation: You have a pair of horns on your head. [potion of mutation]
 25853 | Shoals:3 | Gained mutation: Your magical capacity is very low (-20% MP). [potion of mutation]
 26324 | Shoals:4 | Entered Level 4 of the Shoals
 26515 | Shoals:4 | Noticed Ilsuiw
 26532 | Shoals:4 | Reached skill level 18 in Unarmed Combat
 26553 | Shoals:4 | HP: 7/169 [drowned by a water elemental[Ilsuiw] (6)]
 26555 | Shoals:4 | HP: 2/169 [drowned by a water elemental[Ilsuiw] (7)]
 26555 | Shoals:4 | Slain by a water elemental

Vault maps used:
D:1:      minmay_arrival_semitransparent, evilmike_ruin_ashenzari
D:2:      kennysheep_generic_room_7, uniq_iyjb
D:3:      wad_crossroads, old_standard_altar, grunt_temple_overflow_open,
          nicolae_dithmenos_shadow_blocks
D:4:      first_bread, uniq_eustachio, uniq_pikel
D:5:      minmay_temple_entry_nine_rooms, basic_altar, minmay_misc_feat_cross,
          uniq_crazy_yiuf_cottage
D:7:      grunt_ministairs_9, grunt_ogre_cave, uniq_joseph
D:8:      serial_shops, nicolae_shop_window_shopping, nicolae_shop_crystal,
          nicolae_shop_trees, shop, shop, zaba_antful_of_joy
D:9:      kennysheep_mini_moat
D:10:     uniq_erolcha
D:11:     lair_0_dummy, orc_david_3, minmay_stone_trees_small,
          grunt_ministairs_9, minmay_misc_feat_rugged, uniq_psyche
D:12:     lab_entry_generic, pond
Temple:   circular_temple_13
Lair:1:   serial_bayou_pond_e, grunt_megastairs_2, serial_bayou_shore_b
Lair:2:   grunt_forest_small_clearing_treed, grunt_megastairs_4,
          serial_bayou_shore_b
Lair:3:   dpeg_oklob_gauntlet, spider_nest_entry_webs, lemuel_fruit_fields
Lair:5:   elwin_shoals_entry_rooms, dpeg_oklob_1
Lair:6:   nicolae_slime_entry_slimehenge, serial_forest,
          infiniplex_forest_zigzag_1, infiniplex_forest_lined_3,
          infiniplex_forest_clump_cross, infiniplex_forest_lined_room_,
          infiniplex_forest_lined_3, infiniplex_forest_end_3,
          infiniplex_forest_end_2, infiniplex_forest_clump_small, minivault_27,
          cheibrodos_lair_reptile_den
Lair:7:   beast_lair_carwin_large_3, minmay_hedge_maze
Lair:8:   hangedman_lair_tendril_chambers, guppyfry_lair_end_dragon,
          bh_autumn_forest_stairs
Shoals:1: cheibrodos_shoals_roost, lemuel_centaur_altar
Shoals:2: nicolae_shoals_siren_and_animal_friends, uniq_jorgrun
Shoals:3: uniq_nikola
Shoals:4: shoals_end_hangedman, shoal_ilsuiw, hangedman_shoals_cup_caves
Orc:1:    serial_shops, shop
Orc:2:    serial_shops, nicolae_shop_stone, uniq_snorg
Orc:3:    nicolae_orc_pool_cavern
Orc:4:    grunt_orc_tribal_feast, enter_volcano_2
Volcano:  volcano_village

Action                   |  1- 3 |  4- 6 |  7- 9 | 10-12 | 13-15 | 16-18 || total
-------------------------+-------+-------+-------+-------+-------+-------++-------
Melee: Unarmed           |    74 |   148 |   256 |   982 |  1528 |   106 ||  3094
Throw: Tomahawk          |       |       |       |     2 |       |       ||     2
       Javelin           |       |       |       |       |       |     1 ||     1
Invok: Sacrifice Artific |       |       |     1 |       |       |       ||     1
       Sacrifice Purity  |       |       |       |     1 |       |       ||     1
       Power Leap        |       |       |       |     4 |       |     1 ||     5
       Sacrifice Arcana  |       |       |       |     1 |       |       ||     1
       Sacrifice Nimblen |       |       |       |     1 |       |       ||     1
       Sacrifice Stealth |       |       |       |     1 |       |       ||     1
       Sacrifice Love    |       |       |       |     1 |       |       ||     1
 Abil: Blink             |       |       |       |       |     1 |       ||     1
  Use: Scroll            |       |       |    13 |     4 |    24 |       ||    41
       Potion            |       |       |       |     3 |     5 |     5 ||    13
 Stab: Sleeping          |       |     1 |     2 |     5 |       |       ||     8
       Invisible         |       |       |     4 |    16 |    20 |     4 ||    44
       Distracted        |       |       |       |     3 |     9 |       ||    12
       Paralysed         |       |       |       |     4 |    10 |     3 ||    17
  Eat: Chunk             |     5 |    19 |    28 |    92 |   111 |     8 ||   263
       Fruit             |       |       |     1 |     2 |     3 |       ||     6
